 Dungeon Crawl Stone Soup version 0.31-a0-986-g5e6e4ef867 (webtiles) character file.

Game seed: 9466593072566828778

74 strifetoe the Chopper (level 4, 0/39 HPs)
             Began as a Hill Orc Monk on Nov 25, 2023.
             Slain by an iguana (12 damage)
             ... on level 4 of the Dungeon.
             The game lasted 00:01:55 (2087 turns).

strifetoe the Chopper (Hill Orc Monk)               Turns: 2087, Time: 00:01:56

Health: 0/39       AC:  6    Str: 15    XL:     4   Next: 28%
Magic:  4/4        EV: 10    Int: 10    God:
Gold:   154        SH:  0    Dex: 13    Spells: 3/3 levels left

rFire   . . .        a - +1 hand axe
rCold   . . .        d - orb {light}
rNeg    . . .        k - +0 scale mail {rPois}
rPois   +            (no helmet)
rElec   .            (no cloak)
rCorr   .            (no gloves)
SInv    .            (no boots)
Will    .....        (no amulet) Stlth
                     (no ring)
HPRegen 0.26/turn    (no ring)
MPRegen 0.09/turn

%: no passive effects
@: glowing
A: no striking features
a: no special abilities


You were on level 4 of the Dungeon.
You visited 1 branch of the dungeon, and saw 4 of its levels.

You collected 154 gold pieces.

Inventory:

Hand Weapons
 a - a +1 hand axe (weapon)
Armour
 d - an orb of light (worn)
 i - a +0 plate armour
 k - a +0 scale mail of poison resistance (worn)
Jewellery
 l - a ring of poison resistance
Potions
 c - 3 potions of ambrosia
 e - 2 potions of mutation
 j - 2 potions of curing
 m - a potion of resistance {unknown}
 o - a potion of degeneration {unknown}
 q - a potion of heal wounds {unknown}


   Skills:
 - Level 3.6 Fighting
 + Level 6.6 Axes
 - Level 2.4 Dodging


You had 3 spell levels left.
You didn't know any spells.
Your spell library contained the following spells:

 Spells                   Type           Power      Damage    Failure   Level
 Apportation              Tloc           0%         N/A       85%         1
 Necrotise                Necr           0%         1d4       85%         1
 Summon Small Mammal      Summ           0%         N/A       85%         1
 Gell's Gravitas          Tloc           0%         N/A       99%         3
 Teleport Other           Tloc           0%         N/A       99%         3
 Dispersal                Tloc           0%         N/A       100%        6


Dungeon Overview and Level Annotations

Branches:
Dungeon (4/15)
 Temple: D:4-7

Altars:


Message History

You hit the adder.
You kill the adder!
The iguana bites you.
You hit the iguana.
The iguana is heavily wounded.
The iguana closely misses you.
You hit the iguana but do no damage.
The iguana is heavily wounded.
The iguana bites you.
You hit the iguana.
The iguana is severely wounded.
The iguana bites you!
You are too injured to fight recklessly!
You are too injured to fight recklessly!
You are too injured to fight recklessly!
You are too injured to fight recklessly!
You are too injured to fight recklessly!
You are too injured to fight recklessly!
You are too injured to fight recklessly!
You are too injured to fight recklessly!
You are too injured to fight recklessly!
You are too injured to fight recklessly!
You are too injured to fight recklessly!
You are too injured to fight recklessly!
You are too injured to fight recklessly!
You are too injured to fight recklessly!
Unknown command.
You hit the iguana.
The iguana is severely wounded.
The iguana completely misses you.
You hit the iguana but do no damage.
The iguana is severely wounded.
The iguana bites you.
You hit the iguana.
The iguana is almost dead.
The iguana bites you.
You hit the iguana but do no damage.
The iguana is almost dead.
The iguana bites you!
You die...

#..# #.# #...
.#..####.#
#..(##
.#.......#
#..#..#
.#..#.####
#.#....#.#..#.#
##......##..#.#
#........#..#.#
##.....†###...#
#.....l@.#...##
.............#
....######...#
... ##### .


You could see an iguana.

Vanquished Creatures
  3 adders
  2 worms
  A dart slug (D:1)
  9 endoplasms
  2 giant cockroaches
  3 hobgoblins
  5 ball pythons
  2 bats
  2 frilled lizards (D:1)
  A goblin (D:3)
  5 kobolds
  7 rats
42 creatures vanquished.

Notes
Turn   | Place    | Note
-------+----------+-------------------------------------------
     0 | D:1      | strifetoe the Hill Orc Monk began the quest for the Orb.
     0 | D:1      | Reached XP level 1. HP: 19/19 MP: 1/1
   166 | D:1      | Reached XP level 2. HP: 15/26 MP: 2/2
   343 | D:1      | Reached skill level 5 in Axes
   566 | D:2      | Reached XP level 3. HP: 24/31 MP: 3/3
  1374 | D:3      | Reached skill level 6 in Axes
  1682 | D:3      | Reached XP level 4. HP: 31/39 MP: 4/4
  2087 | D:4      | Slain by an iguana

Illustrated notes

Levels and vault maps discovered:
D:1:      minmay_arrival_doors, layout_rooms
D:2:      layout_loops_ring, minmay_misc_feat_iff, minmay_pentomino_s2
D:3:      layout_loops_ring
D:4:      layout_basic, nicolae_half_adder

Skill      XL: |  1  2  3 |
---------------+----------+-----
Axes           | 5 6 |  6.6
Fighting       | |  3.6
Dodging        | |  2.4

Action                     |  1- 3 |  4- 6 || total
---------------------------+-------+-------++-------
  Melee: Hand axe          |   119 |    21 ||   140
    Use: Scroll            |     1 |     7 ||     8
 Armour: Robe              |    16 |       ||    16
         Leather armour    |    13 |       ||    13
         Plate armour      |    15 |       ||    15
         Scale mail        |    13 |    15 ||    28
  Dodge: Dodged            |    43 |     7 ||    50

Table legend: (Time is in decaauts)
 A = Elapsed time spent in this place.
 B = Non-inter-level travel time spent in this place.
 C = Inter-level travel time spent in this place.
 D = Time resting spent in this place.
 E = Time spent auto-exploring this place.
 F = Levels seen in this place.
 G = Mean time per level.
                   A        B        C        D        E       F      G
               +--------+--------+--------+--------+--------+-----+--------+
         Total |   2089 |   1972 |    117 |    161 |   1463 |   4 |  522.2 |
       Dungeon |   2089 |   1972 |    117 |    161 |   1463 |   4 |  522.2 |
               +--------+--------+--------+--------+--------+-----+--------+

Top non-repeatable levels by time:
     D:2: 834 daAuts
     D:3: 687 daAuts
     D:1: 532 daAuts
     D:4: 35 daAuts
